 Dungeon Crawl Stone Soup version 0.30-a0-779-g7971cf19c3 (webtiles) character file.

Game seed: 17613853754776597419

1458 Dittersdorf the Covered (level 8, -6/52 HPs)
             Began as a Gargoyle Fighter on Feb 17, 2023.
             Was a Priest of Okawaru.
             Mangled by a two-headed ogre
             ... wielding a +0 giant club
              (8 damage)
             ... on level 5 of the Dungeon.
             The game lasted 00:05:44 (4196 turns).

Dittersdorf the Covered (Gargoyle Fighter)          Turns: 4196, Time: 00:05:45

Health: -6/52      AC: 20    Str: 22    XL:     8   Next: 76%
Magic:  17/17      EV:  7    Int: 12    God:    Okawaru [***...]
Gold:   221        SH:  5    Dex: 11    Spells: 7/7 levels left

rFire   + . .      SeeInvis .    a - +0 flail
rCold   . . .      Faith    .    c - +0 buckler
rNeg    + + .      Spirit   .    m - +0 chain mail
rPois   ∞          Reflect  .    t - +2 helmet
rElec   +          Harm     .    (no cloak)
rCorr   +          Rampage  .    n - +0 pair of gloves
Will    .....                    (no boots) Stlth
                                 i - amulet of regeneration
HPRegen 1.08/turn                o - ring of magical power
MPRegen 0.15/turn                y - ring "Ufrizat" {rF+ rN+ rCorr Int+3 Dex+2}

@: no status effects
A: sickness immunity, AC +5, negative energy resistance 1, electricity
resistance, torment resistance 1, petrification resistance
a: Renounce Religion, Heroism


You were on level 5 of the Dungeon.
You worshipped Okawaru.
Okawaru was most pleased with you.
You visited 2 branches of the dungeon, and saw 7 of its levels.

You collected 221 gold pieces.

Inventory:

Hand Weapons
 a - a +0 flail (weapon)
Armour
 c - a +0 buckler (worn)
 m - a +0 chain mail (worn)
 n - a +0 pair of gloves (worn)
 t - a +2 helmet (worn)
Jewellery
 i - an amulet of regeneration (around neck)
 o - a ring of magical power (left hand)
 y - the ring "Ufrizat" (right hand) {rF+ rN+ rCorr Int+3 Dex+2}
   (You found it on level 4 of the Dungeon)

   [ring of positive energy]

   Int:       It affects your intelligence (+3).
   Dex:       It affects your dexterity (+2).
   rF:        It protects you from fire.
   rN:        It protects you from negative energy.
   rCorr:     It protects you from acid and corrosion.
Scrolls
 b - a scroll of vulnerability {unknown}
 e - 2 scrolls of noise {unknown}
 f - 2 scrolls of brand weapon {unknown}
 g - 2 scrolls of immolation {unknown}
 h - 2 scrolls of magic mapping {unknown}
 p - a scroll of blinking {unknown}
 q - 3 scrolls of poison {unknown}
 r - 5 scrolls of teleportation {unknown}
 u - 2 scrolls of amnesia {unknown}
 v - a scroll of enchant weapon {unknown}
 w - 8 scrolls of fear {unknown}
 C - a scroll of fog {unknown}
Potions
 d - 3 potions of might
 j - 2 potions of brilliance
 k - a potion of flight
 l - 2 potions of heal wounds
 s - 3 potions of haste
 x - a potion of curing
 z - a potion of berserk rage
 A - a potion of mutation
 B - a potion of resistance {unknown}


   Skills:
 + Level 6.6 Fighting
 + Level 5.5 Maces & Flails
 + Level 6.7 Armour
 + Level 6.6 Shields


You had 7 spell levels left.
You didn't know any spells.
Your spell library contained the following spells:

 Spells                   Type           Power      Damage    Failure   Level
 Necrotise                Necr           0%         1d4       97%         1
 Sandblast                Erth           0%         2d4       97%         1
 Passwall                 Tmut/Erth      0%         N/A       99%         2
 Stone Arrow              Conj/Erth      0%         3d7       100%        3
 Vampiric Draining        Necr           0%         2d6       100%        3
 Agony                    Necr           0%         N/A       100%        5


Dungeon Overview and Level Annotations

Branches:
Dungeon (6/15)             Temple (1/1) D:4

Altars:
Ashenzari
Elyvilon
Fedhas
Gozag
Kikubaaqudgha
Nemelex Xobeh
Okawaru
Qazlal
Ru
Uskayaw
Wu Jian
Xom
Yredelemnul
Zin
The Shining One

Shops:
D:2 [   D:3 *


Innate Abilities, Weirdness & Mutations

You are immune to sickness and miasma.
Your stone body is resilient. (AC +5)
You are immune to poison.
You resist negative energy. (rN+)
You are resistant to electric shocks. (rElec)
You are resistant to unholy torment.
You are immune to petrification.


Message History

You bludgeon the two-headed ogre!!
The two-headed ogre is moderately wounded.
The two-headed ogre hits you with a +0 giant club!
* * * LOW HITPOINT WARNING * * *
You block the two-headed ogre's attack.
You sock the two-headed ogre!
The two-headed ogre is heavily wounded.
You block the two-headed ogre's attack. The two-headed ogre misses you.
You hit the two-headed ogre but do no damage.
The two-headed ogre is heavily wounded.
You sock the two-headed ogre!
The two-headed ogre is severely wounded.
You block the two-headed ogre's attack.
The two-headed ogre hits you but does no damage.
You barely miss the two-headed ogre.
The two-headed ogre is severely wounded.
You barely miss the two-headed ogre.
The two-headed ogre is severely wounded.
You feel like a meek peon again. The two-headed ogre barely misses you.
You block the two-headed ogre's attack.
You hit the two-headed ogre but do no damage.
The two-headed ogre is severely wounded.
The two-headed ogre hits you with a +0 giant club!
* * * LOW HITPOINT WARNING * * *
The two-headed ogre hits you with a +0 giant club!
* * * LOW HITPOINT WARNING * * *
You hit the two-headed ogre.
The two-headed ogre is severely wounded.
You hit the two-headed ogre but do no damage.
The two-headed ogre is severely wounded.
The two-headed ogre hits you but does no damage. x2
You hit the two-headed ogre but do no damage.
The two-headed ogre is severely wounded.
The two-headed ogre hits you with a +0 giant club!
* * * LOW HITPOINT WARNING * * *
You block the two-headed ogre's attack.
You barely miss the two-headed ogre.
The two-headed ogre is severely wounded.
The two-headed ogre hits you with a +0 giant club!
You die...

....######......##
.................#
....######..[....#
.....# #.......#
.....# #.......#
.....#####.......#
.....#.....#####.#
...........#####[#
###.............@#
.○#........#####O#
..###......# #.#
....##.....# #.#
..#.##.....# ###.#
..#.######## #...#
###.# #...# ....#
#...# ....# #...#


You could see a two-headed ogre.

Vanquished Creatures
  Prince Ribbit (D:6)
  A wyvern (D:6)
  2 water moccasins
  A black bear (D:4)
  An ogre (D:6)
  A phantom (D:5)
  3 scorpions
  A jelly (D:5)
  An orc priest (D:5)
  3 hounds
  An iguana (D:6)
  Robin (D:3)
  7 gnolls
  14 adders
  3 worms
  A dart slug (D:1)
  19 orcs
  3 ball pythons (D:4)
  6 endoplasms
  2 giant cockroaches
  14 goblins
  6 hobgoblins
  4 jackals (D:3)
  10 kobolds
  2 quokkas
  5 bats
  2 frilled lizards (D:2)
  7 rats
122 creatures vanquished.

Notes
Turn   | Place    | Note
-------+----------+-------------------------------------------
     0 | D:1      | Dittersdorf the Gargoyle Fighter began the quest for the
                  | Orb.
     0 | D:1      | Reached XP level 1. HP: 14/14 MP: 1/1
   458 | D:1      | Reached XP level 2. HP: 19/19 MP: 2/2
   759 | D:2      | Reached XP level 3. HP: 23/24 MP: 3/3
   910 | D:2      | Reached XP level 4. HP: 21/29 MP: 4/4
  1294 | D:2      | Found Bykikoo's Armour Emporium.
  1493 | D:3      | Noticed Robin
  1513 | D:3      | Killed Robin
  1514 | D:3      | Reached XP level 5. HP: 33/33 MP: 5/5
  1711 | D:3      | Found a blossoming altar of Fedhas.
  1771 | D:3      | Found Byanit's General Store.
  2188 | D:4      | Reached XP level 6. HP: 39/39 MP: 6/6
  2199 | D:4      | Identified the ring "Ufrizat" {rF+ rN+ rCorr Int+3 Dex+2}
  2216 | D:4      | Found a staircase to the Ecumenical Temple.
  2237 | Temple   | Entered the Ecumenical Temple
  2318 | Temple   | Became a worshipper of Warmaster Okawaru
  2479 | D:4      | Found a white marble altar of Elyvilon.
  2479 | D:4      | Found a glowing golden altar of the Shining One.
  2480 | D:4      | Found a glowing silver altar of Zin.
  2568 | D:4      | Noticed a black bear
  2578 | D:4      | Killed a black bear
  2908 | D:5      | Entered Level 5 of the Dungeon
  3024 | D:5      | Reached skill level 5 in Fighting
  3024 | D:5      | Reached skill level 5 in Armour
  3025 | D:5      | Found a stormy altar of Qazlal.
  3057 | D:5      | Reached skill level 5 in Shields
  3057 | D:5      | Reached XP level 7. HP: 42/44 MP: 7/7
  3061 | D:5      | Reached * piety under Okawaru
  3637 | D:6      | Reached ** piety under Okawaru
  3742 | D:6      | Found a hide-covered altar of Uskayaw.
  3852 | D:6      | Reached XP level 8. HP: 51/51 MP: 8/8
  3933 | D:6      | Reached skill level 5 in Maces & Flails
  3988 | D:6      | Noticed Prince Ribbit
  3988 | D:6      | Noticed a wyvern
  3998 | D:6      | Killed a wyvern
  4006 | D:6      | Killed Prince Ribbit
  4006 | D:6      | Reached *** piety under Okawaru
  4090 | D:6      | Found an ornate altar of the Wu Jian Council.
  4119 | D:6      | Noticed a two-headed ogre
  4195 | D:5      | HP: 1/52 [two-headed ogre/+0 giant club (7)]
  4196 | D:5      | Mangled by a two-headed ogre

Illustrated notes

Levels and vault maps discovered:
D:1:      scummos_arrival_simple_crosswalls, layout_loops_ring, st_stairs_1
D:2:      minmay_inner_zag, layout_basic, serial_shops, nicolae_shop_stone
D:3:      layout_basic, fedhas_altar_4, serial_shops, nicolae_shop_waterfront,
          uniq_robin
D:4:      layout_basic, good_gods_temple_1, minmay_temple_entry_trees
D:5:      layout_basic, grunt_qazlal_clouds
D:6:      black_bear_nest_1, layout_gridville, eat_drink_and_be_merry_uskayaw,
          nzn_wu_jian_council_hall, minivault_24,
          minmay_fractal_squares_gapless_5, uniq_prince_ribbit1
Temple:   hellmonk_temple_beads

Skill      XL: |  1  2  3  4  5  6  7  8 |
---------------+-------------------------+-----
Fighting       | 4 5 6 |  6.6
Armour         | 4 5 6 |  6.7
Shields        | 4 5 6 |  6.6
Maces & Flails | 3 4 5 |  5.5

Action                     |  1- 3 |  4- 6 |  7- 9 || total
---------------------------+-------+-------+-------++-------
  Melee: Flail             |    73 |   246 |   221 ||   540
 Invoke: Heroism           |       |       |     1 ||     1
    Use: Scroll            |       |     4 |     3 ||     7
 Armour: Scale mail        |    39 |       |       ||    39
         Chain mail        |    12 |   221 |   192 ||   425
  Dodge: Dodged            |    27 |   107 |    83 ||   217
  Block: Buckler           |    24 |    66 |    76 ||   166

Table legend: (Time is in decaauts)
 A = Elapsed time spent in this place.
 B = Non-inter-level travel time spent in this place.
 C = Inter-level travel time spent in this place.
 D = Time resting spent in this place.
 E = Time spent auto-exploring this place.
 F = Levels seen in this place.
 G = Mean time per level.
                   A        B        C        D        E       F      G
               +--------+--------+--------+--------+--------+-----+--------+
         Total |   4333 |   4029 |    304 |    113 |   2762 |   7 |  619.0 |
       Dungeon |   4186 |   3947 |    239 |    113 |   2692 |   6 |  697.7 |
        Temple |    147 |     82 |     65 |      0 |     70 |   1 |  147.0 |
               +--------+--------+--------+--------+--------+-----+--------+

Top non-repeatable levels by time:
     D:2: 769 daAuts
     D:5: 762 daAuts
     D:1: 745 daAuts
     D:3: 698 daAuts
     D:4: 646 daAuts
     D:6: 563 daAuts
  Temple: 147 daAuts
